AoeStats
← dangg7

Black Forest

510015963Analyzed
2v2 RM · 2d ago on Sep 29, 2026· 72m 0s· 4 players
Game mode
Random Map
Map size
Medium (4 player)
Population
200
Speed
Normal
Resources
Standard
Victory
Conquest
Starting age
Dark Age
Ending age
Imperial Age
RankedLock teamsTeams togetherTeam positionsShared explorationLock speedFull tech treeHidden civsTurbo modeCheats
Victory
Defeat
🇧🇷 Inca · Brazil
766
+14
🇲🇽 Lithuanians · Mexico
718
+15
🇲🇽 Celts · Mexico
731
-15
🇲🇽 Varangians · Mexico
690
-14
AMADOMANDA
0:31 Loom
15:50 Feudal Age
16:28 Double-Bit Axe
16:24 Horse Collar
17:46 Gold Mining
17:47 Stone Mining
22:37 Castle Age
21:16 Wheelbarrow
20:26 Town Watch
25:38 Hand Cart
25:35 Bow Saw
25:34 Caravan
26:49 Treadmill Crane
28:02 Fervor
34:49 Imperial Age
33:36 Stone Shaft Mining
33:06 Heavy Plow
34:01 Town Patrol
34:35 Man-at-Arms
34:36 Pikeman
35:17 Squires
35:03 Arson
36:28 Forging
36:18 Scale Mail Armor
36:23 Scale Barding Armor
36:08 Fletching
36:19 Padded Archer Armor
37:27 Chemistry
36:38 Fortified Wall
36:52 Conscription
37:08 Hoardings
36:34 Hill Forts
36:35 Tower Shields
36:44 Long Swordsman
37:28 Husbandry
37:39 Bloodlines
39:00 Elite Leitis
41:04 Two-Man Saw
40:39 Crop Rotation
40:59 Iron Casting
40:39 Chain Mail Armor
40:45 Chain Barding Armor
41:36 Ballistics
41:07 Heated Shot
41:28 Masonry
43:02 Bodkin Arrow
43:22 Leather Archer Armor
42:46 Two-Handed Swordsman
42:47 Halberdier
44:54 Coinage
44:34 Guilds
45:51 Architecture
45:17 Murder Holes
45:59 Plate Barding Armor
45:24 Bracer
45:55 Ring Archer Armor
44:56 Champion
47:38 Bombard Tower
49:56 Banking
51:31 Cavalier
51:32 Light Cavalry
52:33 Capped Ram
52:34 Onager
theilor.taiariol
11:19 Feudal Age
12:13 Double-Bit Axe
12:15 Horse Collar
16:34 Champi Runner
18:18 Gold Mining
21:58 Castle Age
22:38 Champi Warrior
23:47 Scale Mail Armor
23:58 Forging
29:17 Chain Mail Armor
29:37 Iron Casting
29:25 Pikeman
30:06 Squires
29:52 Arson
40:47 Imperial Age
39:50 Caravan
42:36 Loom
43:27 Wheelbarrow
42:38 Town Watch
42:58 Padded Archer Armor
43:26 Elite Champi Warrior
44:34 Conscription
46:08 Elite Kamayuk
53:28 Hand Cart
53:14 Town Patrol
53:49 Plate Mail Armor
54:20 Blast Furnace
53:11 Fletching
53:36 Leather Archer Armor
53:43 Elite Skirmisher
59:10 Ring Archer Armor
58:36 Bodkin Arrow
61:15 Chemistry
60:35 Ballistics
67:11 Andean Sling
67:12 Fabric Shields
67:35 Fabric Shields
Omargxh2666
3:51 Loom
11:22 Feudal Age
12:17 Double-Bit Axe
12:17 Horse Collar
12:52 Gold Mining
19:13 Wheelbarrow
21:32 Castle Age
19:50 Stone Mining
23:00 Bow Saw
22:52 Heavy Plow
24:26 Scale Barding Armor
24:22 Scale Mail Armor
25:47 Gold Shaft Mining
26:41 Chain Barding Armor
26:50 Husbandry
29:49 Chain Mail Armor
29:45 Forging
30:24 Town Watch
30:55 Hand Cart
30:47 Padded Archer Armor
30:37 Fletching
33:42 Town Patrol
34:10 Gambesons
35:04 Iron Casting
34:45 Leather Archer Armor
34:26 Bodkin Arrow
40:03 Imperial Age
40:07 Elite Woad Raider
41:09 Conscription
41:53 Blast Furnace
41:24 Plate Mail Armor
41:25 Ring Archer Armor
42:04 Chemistry
41:11 Siege Engineers
41:02 Murder Holes
41:21 Fortified Wall
41:22 Masonry
41:21 Caravan
41:09 Heavy Scorpion
41:11 Capped Ram
42:10 Furor Celtica
46:08 Siege Ram
dangg7
8:16 Loom
10:24 Feudal Age
11:00 Town Watch
12:10 Double-Bit Axe
12:09 Horse Collar
18:30 Wheelbarrow
18:35 Stone Mining
18:43 Gold Mining
24:39 Castle Age
22:48 Fletching
25:14 Bloodlines
25:52 Bodkin Arrow
26:58 Treadmill Crane
29:04 Town Patrol
29:42 Husbandry
33:22 Murder Holes
33:49 Ballistics
38:41 Arson
40:47 Caravan
43:48 Hand Cart
48:43 Guard Tower
49:06 Masonry
52:22 Imperial Age
55:44 Conscription
58:18 Bracer
59:22 Chemistry
61:23 Elite Jarl
68:05 Stone Shaft Mining
Connection lost

Rejoining the realm…

Still unreachable

The connection could not be restored.

Session expired

The server has moved on; the page needs a fresh start.